[Event "Titled Tuesday Blitz November 29 Late 2022"]
[White "Barria Zuniga, Daniel"]
[Black "Yoo, Christopher Woojin"]
[WhiteFideId "3400816"]
[BlackFideId "30909694"]
[WhiteElo "2414"]
[BlackElo "2463"]
[Result "0-1"]
[Round "09"]
[TimeControl "180+1"]
[Date "2022.11.30"]
[WhiteClock "0:00:01"]
[BlackClock "0:00:15"]

1. c4 e5 2. g3 Nf6 3. Bg2 Bc5 4. Nc3 c6 5. Na4 Be7 6. Nf3 d6 7. O-O O-O 8. Nc3 Be6 9. b3 Nbd7 10. d4 Re8 11. Ng5 Bf5 12. e4 Bg4 13. f3 exd4 14. Qxd4 Bh5 15. Kh1 d5 16. exd5 cxd5 17. Nxd5 Nxd5 18. Qxd5 Bf6 19. Bf4 Bxa1 20. Rxa1 Nf6 21. Qxb7 h6 22. Ne4 Nxe4 23. fxe4 Qd4 24. Re1 Rad8 25. h4 Qf2 26. Rf1 Qe2 27. Qxa7 Rd1 28. Rxd1 Qxd1+ 29. Qg1 Qe2 30. c5 Qxa2 31. c6 Qxb3 32. c7 Bg4 33. Qc5 Qd1+ 34. Kh2 Qe2 35. Qe3 Qc2 36. Bd6 Ra8 37. Qc5 Ra2 38. Qxc2 Rxc2 39. Kg1 Rc1+ 0-1


[Site "https://www.chess.com"]

[Event "Titled Tuesday Blitz November 29 Late 2022"]
[White "Bas Mas, Jose Joaquin"]
[Black "Schuster, Karsten"]
[WhiteFideId "22219064"]
[BlackFideId "4611071"]
[WhiteElo "2233"]
[BlackElo "2294"]
[Result "1-0"]
[Round "09"]
[TimeControl "180+1"]
[Date "2022.11.30"]
[WhiteClock "0:00:29"]
[BlackClock "0:01:14"]

1. e4 c6 2. d4 d5 3. exd5 cxd5 4. Bd3 Nc6 5. c3 Nf6 6. Bf4 Bg4 7. Qb3 Qc8 8. Nd2 e6 9. Ngf3 Be7 10. O-O Bh5 11. Ne5 Nxe5 12. Bxe5 Bg6 13. Qa4+ Kf8 14. Be2 a6 15. Qb3 Qc6 16. a4 Nd7 17. Bf4 f6 18. Rfc1 Kf7 19. c4 Rhc8 20. Nf1 Qb6 21. Qxb6 Nxb6 22. c5 Nd7 23. b4 e5 24. dxe5 fxe5 25. Bg3 Bf6 26. Ne3 Ke6 27. Bg4+ Kf7 28. Bxd7 Rd8 29. c6 bxc6 30. Bxc6 Rab8 31. Bxd5+ Kf8 32. b5 axb5 33. a5 e4 34. Ra2 Rbc8 35. Rac2 Rxc2 36. Rxc2 b4 37. a6 Bd4 38. Bb3 Ra8 39. Rc6 Be8 40. Bd6# 1-0


[Site "https://www.chess.com"]

[Event "Titled Tuesday Blitz November 29 Late 2022"]
[White "Bazeev, German"]
[Black "Annaberdiyev, Babageldi"]
[WhiteFideId "24119350"]
[BlackFideId "14000385"]
[WhiteElo "2493"]
[BlackElo "2332"]
[Result "0-1"]
[Round "09"]
[TimeControl "180+1"]
[Date "2022.11.30"]
[WhiteClock "0:00:02"]
[BlackClock "0:00:28"]

1. d4 e6 2. Nf3 f5 3. Bg5 Be7 4. Bxe7 Qxe7 5. g3 Nf6 6. Bg2 Qb4+ 7. Nbd2 Qxb2 8. O-O O-O 9. c4 Qb4 10. c5 Nc6 11. e3 d5 12. a4 Ne4 13. Rb1 Qc3 14. Rb3 Qa5 15. Nxe4 fxe4 16. Nd2 b6 17. Rb5 Qa6 18. Nxe4 dxe4 19. Bxe4 Bd7 20. Qh5 h6 21. Qg6 Ne7 22. Qh7+ Kf7 23. Bd3 Qxa4 24. Rbb1 Qc6 25. Bb5 Qd5 26. e4 Qg5 27. f4 Qg4 28. Bxd7 Rh8 29. Qxh8 Rxh8 30. d5 Kg6 31. Bxe6 Qe2 32. Rbe1 Qd2 33. c6 Rf8 34. Bg4 Kh7 35. Bf3 a5 36. Re2 Qd4+ 37. Kg2 a4 38. Rff2 b5 39. Rd2 Qb6 40. e5 b4 41. Be4+ Kh8 42. f5 b3 43. f6 gxf6 44. exf6 Nc8 45. Rf4 Nd6 46. Bb1 a3 47. Re2 a2 0-1


[Site "https://www.chess.com"]

[Event "Titled Tuesday Blitz November 29 Late 2022"]
[White "Bjelobrk, Igor"]
[Black "Fernandez Guillen, Ernesto J."]
[WhiteFideId "4300726"]
[BlackFideId "3512428"]
[WhiteElo "2335"]
[BlackElo "2450"]
[Result "1-0"]
[Round "09"]
[TimeControl "180+1"]
[Date "2022.11.30"]
[WhiteClock "0:00:18"]
[BlackClock "0:00:01"]

1. Nf3 Nf6 2. c4 g6 3. Nc3 Bg7 4. e4 d6 5. d4 O-O 6. h3 e5 7. d5 Nbd7 8. Be3 Nh5 9. g3 f5 10. exf5 gxf5 11. Qd2 f4 12. gxf4 exf4 13. Bd4 Qe8+ 14. Be2 Bxd4 15. Qxd4 Ne5 16. Rg1+ Ng7 17. O-O-O Bf5 18. Rg5 h5 19. Rdg1 Rf7 20. Nh4 f3 21. Nxf5 fxe2 22. Rxg7+ Rxg7 23. Rxg7+ Kh8 24. Nxe2 Qf8 25. Neg3 Qf6 26. f4 Re8 27. fxe5 Rxe5 28. Qf4 Re1+ 29. Kc2 Rg1 30. Re7 Rg2+ 31. Re2 Rg1 32. Nxh5 Qg6 33. Ng3 Qf6 34. h4 Kh7 35. h5 Kh8 36. Ne4 1-0


[Site "https://www.chess.com"]

[Event "Titled Tuesday Blitz November 29 Late 2022"]
[White "Bogaudinov, Rushan"]
[Black "Dzierzak, Radoslaw"]
[WhiteFideId "4129288"]
[BlackFideId "1161407"]
[WhiteElo "1997"]
[BlackElo "2111"]
[Result "1-0"]
[Round "09"]
[TimeControl "180+1"]
[Date "2022.11.30"]
[WhiteClock "0:00:17"]
[BlackClock "0:00:02"]

1. a3 e5 2. e3 d5 3. Nf3 Bd6 4. b4 Bg4 5. Be2 Nf6 6. Bb2 Nbd7 7. h3 Bh5 8. Nh4 Bxe2 9. Qxe2 O-O 10. Nf5 Re8 11. Nxd6 cxd6 12. O-O Rc8 13. Rc1 Nb6 14. Nc3 d4 15. Nd1 Nc4 16. d3 Nxb2 17. Nxb2 dxe3 18. fxe3 d5 19. c4 e4 20. d4 dxc4 21. Rxc4 Rxc4 22. Nxc4 Qd5 23. Rf1 Rc8 24. Ne5 Qe6 25. Kh2 h6 26. Qb5 b6 27. Qa6 Rc7 28. Rf4 Nd5 29. Rxe4 f6 30. Qf1 fxe5 31. Rxe5 Qd6 32. Kg1 Rf7 33. Qc4 Nf6 34. e4 Qf8 35. d5 Kh7 36. Rf5 Nd7 37. g4 Rxf5 38. gxf5 Qe7 39. Qd4 Qg5+ 40. Kf2 Nf6 41. Qe3 Qh4+ 42. Ke2 Qxe4 43. Qxe4 Nxe4 44. Ke3 Nd6 45. Kf4 Kg8 46. Ke5 Nc8 47. Ke6 Kf8 48. d6 b5 49. d7 1-0


[Site "https://www.chess.com"]

[Event "Titled Tuesday Blitz November 29 Late 2022"]
[White "Bortnyk, Olexandr"]
[Black "Carlsen, Magnus"]
[WhiteFideId "14120828"]
[BlackFideId "1503014"]
[WhiteElo "2723"]
[BlackElo "2830"]
[Result "1/2-1/2"]
[Round "09"]
[TimeControl "180+1"]
[Date "2022.11.30"]
[WhiteClock "0:00:07"]
[BlackClock "0:00:23"]

1. e4 d6 2. d4 Nf6 3. Nc3 g6 4. Be3 c6 5. Nf3 Nbd7 6. Be2 Bg7 7. O-O O-O 8. h3 Qc7 9. Qd2 b5 10. a3 Bb7 11. Bh6 a5 12. Bxg7 Kxg7 13. Bd3 e5 14. Rad1 b4 15. axb4 axb4 16. Ne2 c5 17. dxe5 Nxe5 18. Nxe5 dxe5 19. Ng3 h6 20. b3 Rad8 21. Qe3 Rd7 22. Ra1 Qd6 23. Ra5 Rc8 24. Rfa1 Rcc7 25. Kh2 Rd8 26. Be2 Qd4 27. Qxd4 exd4 28. Bd3 h5 29. h4 Ng4+ 30. Kg1 Ne5 31. f4 Nxd3 32. cxd3 Bc8 33. Rc1 Be6 34. Rcxc5 Rxc5 35. Rxc5 Rb8 36. Ne2 Bxb3 37. Nxd4 Ba2 38. Rc2 Bb1 39. Rd2 Rc8 40. Kf2 Rc3 41. Ke3 b3 42. Ne2 Rc7 43. Rb2 Bc2 44. Nd4 Rc3 45. Ke2 Kf6 46. e5+ Ke7 47. f5 gxf5 48. Nxf5+ Ke6 49. Nd4+ Kxe5 50. Nf3+ Kf4 51. Ne1 Kg3 52. Kd2 Rc7 53. Nxc2 bxc2 54. Rxc2 Rxc2+ 55. Kxc2 Kxg2 56. d4 f5 57. d5 f4 58. d6 f3 59. d7 f2 60. d8=Q f1=Q 61. Qg5+ Kh3 62. Qxh5 Qf2+ 63. Kd3 Qxh4 64. Qxh4+ Kxh4 1/2-1/2


[Site "https://www.chess.com"]

[Event "Titled Tuesday Blitz November 29 Late 2022"]
[White "Brown, Andrew"]
[Black "Harish, Neeraj"]
[WhiteFideId "3206513"]
[BlackFideId "30958130"]
[WhiteElo "2245"]
[BlackElo "1815"]
[Result "0-1"]
[Round "09"]
[TimeControl "180+1"]
[Date "2022.11.30"]
[WhiteClock "0:00:01"]
[BlackClock "0:00:02"]

1. d4 Nf6 2. c4 g6 3. Nc3 d5 4. g3 Bg7 5. Bg2 c6 6. Nf3 O-O 7. O-O Bf5 8. b3 Ne4 9. Bb2 Nxc3 10. Bxc3 Be4 11. Bh3 Bxf3 12. exf3 e6 13. f4 Nd7 14. Re1 Nf6 15. Bb4 Re8 16. f3 Nd7 17. Bd6 dxc4 18. bxc4 Nb6 19. c5 Nc4 20. Be5 Nxe5 21. fxe5 Qd5 22. Re4 Red8 23. Qb3 Qxb3 24. axb3 a6 25. f4 Rd7 26. Kf2 Rad8 27. Ke3 Kf8 28. g4 Bh6 29. Bf1 Rd5 30. h4 Ke7 31. Bc4 R5d7 32. Kd3 Bg7 33. Kc3 Kf8 34. Rf1 h6 35. f5 gxf5 36. gxf5 exf5 37. Rxf5 Re7 38. Ref4 Rdd7 39. e6 Rc7 40. exf7 Rcd7 41. Rf3 Rc7 42. R5f4 Rcd7 43. Kd3 Rc7 44. Re4 Rcd7 45. Rxe7 Rxe7 46. Rf4 Rd7 47. Re4 Rd8 48. Ke3 Bf6 49. h5 Bg7 50. b4 Bf6 51. Be6 Bg5+ 52. Kd3 Kg7 53. d5 cxd5 54. Re2 d4 55. Bc4 Kf8 56. Bd5 Rxd5 57. Re8+ Kxf7 0-1


[Site "https://www.chess.com"]

[Event "Titled Tuesday Blitz November 29 Late 2022"]
[White "Calcada, Lucas Galvan"]
[Black "Young, Ryan"]
[WhiteFideId "22746099"]
[BlackFideId "2049945"]
[WhiteElo "1523"]
[BlackElo "2284"]
[Result "1-0"]
[Round "09"]
[TimeControl "180+1"]
[Date "2022.11.30"]
[WhiteClock "0:01:26"]
[BlackClock "0:00:01"]

1. d4 Nf6 2. c4 e6 3. Nc3 Bb4 4. Qc2 O-O 5. Bg5 h6 6. Bh4 d5 7. cxd5 exd5 8. e3 c6 9. Bd3 Nbd7 10. Ne2 Re8 11. O-O Be7 12. f3 Nf8 13. Bf2 b6 14. e4 dxe4 15. Nxe4 Bb7 16. N2g3 Ne6 17. Nf5 Nxe4 18. fxe4 Rc8 19. Qe2 Nf4 20. Qc2 Nxd3 21. Qxd3 c5 22. d5 Bf6 23. Rae1 Qd7 24. Qg3 Kh8 25. Qg4 Rcd8 26. Bh4 Rg8 27. Bxf6 gxf6 28. Qh4 Rg6 29. Rf3 Rdg8 30. Rg3 Bxd5 31. Nxh6 R8g7 32. Rxg6 fxg6 33. Ng4+ Kg8 34. Nxf6+ 1-0


[Site "https://www.chess.com"]

[Event "Titled Tuesday Blitz November 29 Late 2022"]
[White "Cappelletto, Joshuaede"]
[Black "D`Arruda, Ricardo D."]
[WhiteFideId "2824383"]
[BlackFideId "100692"]
[WhiteElo "2237"]
[BlackElo "2463"]
[Result "1-0"]
[Round "09"]
[TimeControl "180+1"]
[Date "2022.11.30"]
[WhiteClock "0:01:07"]
[BlackClock "0:00:45"]

1. c4 Nf6 2. Nc3 e5 3. g3 Nc6 4. Bg2 Be7 5. Nf3 d6 6. O-O O-O 7. d4 exd4 8. Nxd4 Bd7 9. Nc2 Re8 10. b3 a6 11. Bb2 Rb8 12. Qd2 b5 13. cxb5 axb5 14. Ne3 Ne5 15. Ncd5 Nxd5 16. Nxd5 Bf8 17. f4 Ng4 18. h3 c6 19. hxg4 cxd5 20. g5 Bg4 21. Bf3 Bxf3 22. Rxf3 Qb6+ 23. Bd4 Qb7 24. e3 Rec8 25. Rf2 g6 26. Rh2 Bg7 27. Rd1 Bxd4 28. Qxd4 Qb6 29. Qxb6 Rxb6 30. Rxd5 Rc1+ 31. Kg2 Rc2+ 32. Kh3 Rxh2+ 33. Kxh2 b4 34. Kg2 Kf8 35. Kf3 Ke7 36. Ra5 Ke6 37. Ke4 Rc6 38. Rb5 Ra6 39. Rxb4 Rxa2 40. g4 d5+ 41. Kf3 Rc2 42. Rb6+ Ke7 43. b4 Rc3 44. Ke2 Rb3 45. f5 Kd7 46. Rb7+ Ke8 47. Rb5 Rb2+ 48. Kf3 Rd2 49. Kf4 Rd3 50. Rb7 d4 51. e4 Rd1 52. Ke5 d3 53. Kd6 1-0


[Site "https://www.chess.com"]

[Event "Titled Tuesday Blitz November 29 Late 2022"]
[White "Cardoso Cardoso, Jose Gabriel"]
[Black "Aghasiyev, Kamal"]
[WhiteFideId "4430492"]
[BlackFideId "13402854"]
[WhiteElo "2484"]
[BlackElo "2341"]
[Result "0-1"]
[Round "09"]
[TimeControl "180+1"]
[Date "2022.11.30"]
[WhiteClock "0:00:03"]
[BlackClock "0:00:11"]

1. c4 e5 2. Nc3 Nf6 3. Nf3 Nc6 4. d3 d5 5. cxd5 Nxd5 6. Bd2 Be7 7. e3 O-O 8. a3 Kh8 9. Be2 f5 10. O-O f4 11. Nxd5 Qxd5 12. b4 a6 13. Rc1 Bg4 14. e4 Qd7 15. Bc3 Bf6 16. h3 Be6 17. Bb2 Rae8 18. Nh2 Re7 19. Bg4 Rd8 20. Bxe6 Rxe6 21. Rc3 Rd6 22. Ng4 Rxd3 23. Rxd3 Qxd3 24. Qc1 Qxe4 25. Rd1 Rd3 26. Qc2 Rxd1+ 27. Qxd1 Qf5 28. f3 h5 29. Nf2 Bh4 30. Ne4 Qe6 31. Qd3 Qa2 32. Bc3 Qxa3 33. Kf1 Qc1+ 34. Ke2 Qg1 35. Bd2 Qxg2+ 36. Kd1 Qg1+ 37. Kc2 Nd4+ 38. Kb2 Qd1 39. Nc5 Be1 40. Bxe1 Qxe1 41. Qg6 Qxb4+ 42. Ka1 Qa3+ 43. Kb1 Qxc5 44. Qe8+ Kh7 45. Qxh5+ Kg8 46. Qe8+ Qf8 47. Qxe5 Qb4+ 48. Ka1 Qc3+ 49. Kb1 Qc2+ 50. Ka1 Nb3# 0-1


[Site "https://www.chess.com"]

[Event "Titled Tuesday Blitz November 29 Late 2022"]
[White "Chigaev, Maksim"]
[Black "Shimanov, Aleksandr"]
[WhiteFideId "4108116"]
[BlackFideId "4198603"]
[WhiteElo "2541"]
[BlackElo "2605"]
[Result "0-1"]
[Round "09"]
[TimeControl "180+1"]
[Date "2022.11.30"]
[WhiteClock "0:00:52"]
[BlackClock "0:01:19"]

1. c4 e6 2. g3 d5 3. Bg2 g6 4. Nf3 Bg7 5. d4 Nc6 6. O-O Nge7 7. cxd5 exd5 8. Nc3 O-O 9. Bf4 Bg4 10. Ne5 Nxe5 11. Bxe5 c6 12. Bxg7 Kxg7 13. Qd2 Qd7 14. b4 Bh3 15. Bxh3 Qxh3 16. b5 h5 17. bxc6 bxc6 18. Qf4 Qe6 19. h4 Rab8 20. Rab1 Rb6 21. Na4 Rxb1 22. Rxb1 Qxe2 23. Nc5 Nf5 24. Rb7 Re8 25. Rxa7 Qd1+ 26. Kg2 Re1 0-1


[Site "https://www.chess.com"]

[Event "Titled Tuesday Blitz November 29 Late 2022"]
[White "Chlpik, Martin"]
[Black "Ferreira, Vitor Hugo Vieira"]
[WhiteFideId "14923351"]
[BlackFideId "2119765"]
[WhiteElo "2109"]
[BlackElo "2168"]
[Result "1-0"]
[Round "09"]
[TimeControl "180+1"]
[Date "2022.11.30"]
[WhiteClock "0:00:32"]
[BlackClock "0:00:07"]

1. d4 d5 2. Nc3 c6 3. Bf4 Nf6 4. e3 Bf5 5. f3 h6 6. g4 Bh7 7. h4 e6 8. Bd3 Bxd3 9. Qxd3 Bd6 10. Nh3 Qe7 11. O-O-O Nbd7 12. Rhg1 O-O-O 13. Bxd6 Qxd6 14. e4 dxe4 15. fxe4 e5 16. g5 Nh5 17. Qf3 Qg6 18. gxh6 Qxh6+ 19. Kb1 exd4 20. Rxd4 Ne5 21. Rxd8+ Kxd8 22. Qf2 a6 23. Qd4+ Nd7 24. Ng5 Rf8 25. Rd1 Nf6 26. Qd6 Kc8 27. e5 Nd5 28. e6 fxe6 29. Nxe6 Rf6 30. Nxd5 Rxe6 31. Qc7# 1-0


[Site "https://www.chess.com"]

[Event "Titled Tuesday Blitz November 29 Late 2022"]
[White "Corrales Jimenez, Fidel"]
[Black "Bluebaum, Matthias"]
[WhiteFideId "3506690"]
[BlackFideId "24651516"]
[WhiteElo "2541"]
[BlackElo "2633"]
[Result "1-0"]
[Round "09"]
[TimeControl "180+1"]
[Date "2022.11.30"]
[WhiteClock "0:00:14"]
[BlackClock "0:00:01"]

1. e4 e6 2. d4 d5 3. e5 c5 4. c3 Nc6 5. Nf3 Nge7 6. Na3 Bd7 7. Nc2 Qa5 8. dxc5 Ng6 9. b4 Qc7 10. Be2 Be7 11. O-O O-O 12. Ncd4 Ncxe5 13. Nxe5 Nxe5 14. Bf4 Nf3+ 15. Bxf3 Qxf4 16. Re1 Bf6 17. g3 Qc7 18. Qd3 b6 19. Nb3 Ba4 20. Rac1 Bxb3 21. axb3 bxc5 22. bxc5 Qxc5 23. c4 Rad8 24. cxd5 Qa5 25. Red1 Rd7 26. Qc4 exd5 27. Rxd5 Rxd5 28. Bxd5 g6 29. h4 h5 30. Qe4 Kg7 31. Rc6 Rd8 32. Bxf7 Qa1+ 33. Kg2 Kxf7 34. Rc7+ Kf8 35. Qe6 Be7 36. Qxe7+ Kg8 37. Qxd8# 1-0


[Site "https://www.chess.com"]

[Event "Titled Tuesday Blitz November 29 Late 2022"]
[White "Curtis, John"]
[Black "Yuan, Qingyu"]
[WhiteFideId "3200256"]
[BlackFideId "8609772"]
[WhiteElo "2203"]
[BlackElo "2359"]
[Result "0-1"]
[Round "09"]
[TimeControl "180+1"]
[Date "2022.11.30"]
[WhiteClock "0:00:06"]
[BlackClock "0:00:19"]

1. e4 e5 2. Nf3 Nc6 3. Bc4 Bc5 4. d3 Nf6 5. O-O O-O 6. c3 d5 7. exd5 Nxd5 8. b4 Be7 9. b5 Na5 10. Nxe5 Bf6 11. Re1 Re8 12. f4 Nxc4 13. dxc4 Nb6 14. Qxd8 Rxd8 15. Be3 Bxe5 16. fxe5 Nxc4 17. Bd4 a6 18. bxa6 Rxa6 19. Re2 b6 20. Nd2 Na3 21. Ne4 h6 22. h3 Be6 23. g4 Rd5 24. Ng3 Nb5 25. c4 Nxd4 26. cxd5 Nxe2+ 27. Nxe2 Bxd5 28. Nc3 Be6 29. a4 Ra5 30. Re1 Rc5 31. Re3 Rc4 32. Kh2 Bd7 33. Rd3 Be6 34. Kg3 Kf8 35. Nb5 Ke7 36. Ra3 Bd7 0-1


[Site "https://www.chess.com"]

[Event "Titled Tuesday Blitz November 29 Late 2022"]
[White "Dias, Joao Batista"]
[Black "De Souza, Cristiano Gomes"]
[WhiteFideId "2108240"]
[BlackFideId "2151758"]
[WhiteElo "1898"]
[BlackElo "2068"]
[Result "1-0"]
[Round "09"]
[TimeControl "180+1"]
[Date "2022.11.30"]
[WhiteClock "0:00:12"]
[BlackClock "0:00:01"]

1. e4 c5 2. Nf3 d6 3. d4 cxd4 4. Nxd4 Nf6 5. Nc3 a6 6. Be3 e5 7. Nde2 Be6 8. Ng3 d5 9. exd5 Nxd5 10. Nxd5 Bxd5 11. f3 Nc6 12. Bd3 g6 13. O-O Bg7 14. Qd2 O-O 15. Rad1 Be6 16. Bh6 Qb6+ 17. Kh1 Qxb2 18. Bxg7 Kxg7 19. Qg5 f6 20. Qe3 Qd4 21. Qc1 Qh4 22. Qb2 Rf7 23. Ne4 b5 24. Qc3 Nd4 25. a4 Rc8 26. Qa5 Rc6 27. axb5 axb5 28. c3 Nf5 29. Kg1 Ne3 30. Bxb5 Rc8 31. Qa6 Nxf1 32. Bxf1 Re7 33. Qd6 Rcc7 34. Nc5 Bf7 35. Ne4 f5 36. g3 Qh6 37. Qf6+ Kg8 38. Rd8+ Re8 39. Nd6 Qe3+ 40. Kg2 Qd2+ 41. Kh3 Rxd8 42. Qxd8+ Kg7 43. Qxc7 Qh6+ 44. Kg2 Qd2+ 45. Kh1 Qf2 46. Qxf7+ Kh6 47. Qf8+ Kg5 48. Qe7+ Kh6 49. Qf8+ Kg5 50. h4+ Kh5 51. Bg2 Qxg3 52. Qf6 1-0


[Site "https://www.chess.com"]

[Event "Titled Tuesday Blitz November 29 Late 2022"]
[White "Domingo Nunez, Ruben"]
[Black "Vasques, Antonio Pedro Freixial"]
[WhiteFideId "22245570"]
[BlackFideId "1908332"]
[WhiteElo "2406"]
[BlackElo "2243"]
[Result "1-0"]
[Round "09"]
[TimeControl "180+1"]
[Date "2022.11.30"]
[WhiteClock "0:02:36"]
[BlackClock "0:01:37"]

1. e4 c5 2. d4 cxd4 3. c3 d3 4. Bxd3 Nc6 5. c4 g6 6. h3 Bg7 7. Nf3 d6 8. O-O Nf6 9. Nc3 O-O 10. Be3 Be6 11. Rc1 Qa5 12. b3 Rac8 13. Qe2 Rfe8 14. Rfd1 a6 15. Bb1 Nd7 16. Bd2 Qh5 17. Qe3 Nde5 18. Nh2 f5 19. Nd5 fxe4 20. Nf4 Qf5 21. Bxe4 Qf6 22. Nxe6 1-0


[Site "https://www.chess.com"]

[Event "Titled Tuesday Blitz November 29 Late 2022"]
[White "Dylag, Emilia"]
[Black "Girsh, Daniel"]
[WhiteFideId "21805172"]
[BlackFideId "30949190"]
[WhiteElo "1878"]
[BlackElo "2075"]
[Result "1-0"]
[Round "09"]
[TimeControl "180+1"]
[Date "2022.11.30"]
[WhiteClock "0:00:01"]
[BlackClock "0:00:16"]

1. d4 Nf6 2. c4 c5 3. d5 b5 4. Qc2 g6 5. e4 d6 6. Nf3 Bg7 7. cxb5 O-O 8. Nc3 a6 9. Bc4 axb5 10. Bxb5 Ba6 11. Bxa6 Nxa6 12. O-O Qa5 13. Re1 Ng4 14. Bf4 Nb4 15. Qd2 Rfb8 16. h3 Nf6 17. a3 Na6 18. e5 Ne8 19. Ng5 Qb6 20. Rab1 c4 21. exd6 exd6 22. Re7 Ra7 23. Be3 Nc5 24. Rxa7 Qxa7 25. Bd4 Nf6 26. Qf4 Nh5 27. Bxc5 dxc5 28. Qf3 Bd4 29. g4 Nf6 30. d6 Qd7 31. Nce4 Nxe4 32. Nxe4 Rxb2 33. Rxb2 Bxb2 34. a4 Kg7 35. a5 Qb5 36. Ng5 Bf6 37. Nxh7 Be5 38. Ng5 f6 39. Ne6+ Kf7 40. Nd8+ Ke8 41. Qa8 Bxd6 42. Nb7+ Kd7 43. Qd8+ Kc6 44. Nxd6 Qb1+ 45. Kg2 c3 46. Nc4 Qe4+ 47. f3 Qxc4 48. Qb6+ Kd5 49. Qb7+ Kd4 50. Qe4# 1-0


[Site "https://www.chess.com"]

[Event "Titled Tuesday Blitz November 29 Late 2022"]
[White "Espinosa, Pedro"]
[Black "Arnold, Ken"]
[WhiteFideId "30921066"]
[BlackFideId "2056836"]
[WhiteElo "2016"]
[BlackElo "2385"]
[Result "0-1"]
[Round "09"]
[TimeControl "180+1"]
[Date "2022.11.30"]
[WhiteClock "0:00:05"]
[BlackClock "0:00:05"]

1. d4 c6 2. c4 d5 3. cxd5 cxd5 4. Bf4 Nc6 5. Nc3 e6 6. e3 Bd6 7. Bxd6 Qxd6 8. Bd3 Nf6 9. Nf3 O-O 10. O-O b6 11. Rc1 Bb7 12. a3 a6 13. Na4 Nd7 14. b4 h6 15. Qb3 a5 16. b5 Ne7 17. Ne5 Nxe5 18. dxe5 Qxe5 19. Nxb6 Rad8 20. Qc3 d4 21. exd4 Rxd4 22. Qc7 Qxc7 23. Rxc7 Nd5 24. Rxb7 Nxb6 25. Be2 Na4 26. Ra7 Nc3 27. Bf3 Nxb5 28. Rxa5 Nd6 29. h3 g6 30. Rc1 Rb8 31. Rc2 Kg7 32. Ra7 Kf6 33. a4 Rbb4 34. a5 Ra4 35. a6 Ra1+ 36. Kh2 Rda4 37. Be2 R1a2 38. Rxa2 Rxa2 39. Bf1 Ra1 40. Rd7 Rxf1 41. Rxd6 Rxf2 42. a7 Ra2 43. Rd7 Ra3 44. Kg1 h5 45. Kf2 h4 46. Ke2 g5 47. Kd2 Kg6 48. Re7 f6 49. Kc2 Kf5 50. Kb2 Ra6 51. Kb3 e5 52. Kc4 Ra1 53. Kb5 Kf4 54. Kb6 f5 55. Kb7 Rb1+ 56. Kc8 Ra1 57. Kb8 g4 58. hxg4 fxg4 59. a8=Q Rxa8+ 60. Kxa8 Kg3 61. Rxe5 Kxg2 62. Re2+ Kf3 63. Ra2 h3 64. Ra3+ Kf4 65. Ra4+ Kg5 66. Ra5+ Kh4 67. Ra2 g3 68. Ra4+ Kg5 69. Ra5+ Kf4 70. Ra4+ Ke5 71. Ra5+ Kd4 72. Ra4+ Kc5 73. Ra3 h2 74. Rc3+ Kb6 75. Rb3+ Kc5 76. Rc3+ Kb4 77. Rxg3 h1=Q+ 78. Ka7 Qh7+ 79. Ka8 Qe4+ 80. Ka7 Qd4+ 81. Ka8 Qd8+ 82. Kb7 Qd7+ 83. Ka8 Qc6+ 84. Ka7 Qc7+ 85. Ka6 Qxg3 86. Kb7 Qg6 87. Ka8 Kb5 88. Kb8 Qf7 89. Ka8 Kb6 90. Kb8 Qb7# 0-1


[Site "https://www.chess.com"]

[Event "Titled Tuesday Blitz November 29 Late 2022"]
[White "Estrada Nieto, Julian"]
[Black "Quinones Garcia, Santiago"]
[WhiteFideId "5101018"]
[BlackFideId "4408497"]
[WhiteElo "2221"]
[BlackElo "2249"]
[Result "0-1"]
[Round "09"]
[TimeControl "180+1"]
[Date "2022.11.30"]
[WhiteClock "0:00:15"]
[BlackClock "0:00:23"]

1. e4 c5 2. Nf3 g6 3. c3 Bg7 4. d4 cxd4 5. cxd4 d5 6. e5 Nc6 7. Bb5 Bg4 8. O-O Nh6 9. Bxc6+ bxc6 10. Nbd2 Nf5 11. h3 Bxf3 12. Nxf3 O-O 13. g4 Nh6 14. Be3 f6 15. exf6 exf6 16. Qc1 Nf7 17. Qxc6 Rc8 18. Qb5 Rb8 19. Qe2 Re8 20. Rac1 Nd6 21. Qc2 Nc4 22. b3 Nxe3 23. fxe3 Rxe3 24. Qc7 Qe8 25. Qd6 Rd8 26. Qc6 Qe4 27. Kg2 f5 28. gxf5 Rf8 29. Qe6+ Qxe6 30. fxe6 Rxe6 31. Rfe1 Ref6 32. Rc3 Rf4 33. Re7 Bxd4 34. Nxd4 Rxd4 35. Rxa7 Rd2+ 36. Kg3 Re8 37. Rcc7 Rd3+ 38. Kf4 Re4+ 39. Kg5 Rg3+ 40. Kf6 Rf3+ 41. Kg5 Rf5+ 42. Kh6 Rh5# 0-1


[Site "https://www.chess.com"]

[Event "Titled Tuesday Blitz November 29 Late 2022"]
[White "Ezat, Mohamed"]
[Black "Gonzalez, Francisco Silva"]
[WhiteFideId "10600906"]
[BlackFideId "1512285"]
[WhiteElo "2386"]
[BlackElo "2159"]
[Result "1/2-1/2"]
[Round "09"]
[TimeControl "180+1"]
[Date "2022.11.30"]
[WhiteClock "0:00:01"]
[BlackClock "0:00:04"]

1. d4 Nf6 2. c4 e6 3. Nc3 Bb4 4. e3 O-O 5. a3 Be7 6. b4 d5 7. c5 b6 8. Bd3 c6 9. Nf3 a5 10. Bd2 Nbd7 11. O-O Ba6 12. b5 cxb5 13. c6 Nb8 14. Ne5 Bd6 15. Nxb5 Qe7 16. f4 Ne8 17. Rf3 f5 18. Rc1 Bxb5 19. Bxb5 Bxa3 20. Rc2 Bd6 21. Nd7 Nc7 22. Nxb6 Ra7 23. Bd3 a4 24. Ra2 a3 25. Qb3 Nxc6 26. Qc2 Nb4 27. Bxb4 Bxb4 28. Rf1 Qd6 29. Na4 Na6 30. g4 Rc7 31. Qg2 Qc6 32. Qe2 Qxa4 33. Bxa6 Qb3 34. gxf5 Rxf5 35. Bd3 Rf6 36. f5 Rc3 37. Rd2 Rc6 38. Rc2 Rxc2 39. Bxc2 Qc3 40. fxe6 a2 41. Rxf6 a1=Q+ 42. Rf1 Qaa3 43. Bxh7+ Kh8 44. Bd3 Qxd3 45. Qh5+ Qh7 46. Qe8+ Qg8 47. Qh5+ Qh7 48. Qe8+ Qg8 49. Qh5+ Qh7 1/2-1/2


[Site "https://www.chess.com"]

[Event "Titled Tuesday Blitz November 29 Late 2022"]
[White "Figorito, Nick"]
[Black "Clawitter, Craig"]
[WhiteFideId "30923689"]
[BlackFideId "2023105"]
[WhiteElo "2326"]
[BlackElo "2261"]
[Result "1/2-1/2"]
[Round "09"]
[TimeControl "180+1"]
[Date "2022.11.30"]
[WhiteClock "0:00:04"]
[BlackClock "0:00:02"]

1. Nf3 Nf6 2. g3 e6 3. Bg2 d5 4. O-O Be7 5. d4 O-O 6. c4 dxc4 7. Qc2 a6 8. Qxc4 b5 9. Qc2 Bb7 10. Nc3 Nc6 11. Rd1 Ra7 12. a3 Qa8 13. Be3 Nd5 14. Nxd5 exd5 15. Ne5 Nxe5 16. dxe5 c5 17. Bxc5 Rc8 18. b4 a5 19. Qb2 Bxc5 20. bxc5 Rxc5 21. e3 Ra6 22. Rac1 Rac6 23. Rxc5 Rxc5 24. Rc1 Qc8 25. Rxc5 Qxc5 26. h4 b4 27. axb4 axb4 28. Kh2 h6 29. Qb3 Qc4 30. Qa4 Bc6 31. Qa7 b3 32. Qb8+ Kh7 33. Qf8 b2 34. e6 fxe6 35. Bh3 b1=Q 36. Bxe6 Qce4 37. Qg8+ Kg6 38. Qf7+ Kh7 39. Qg8+ Kg6 40. Qf7+ Kh7 41. Qg8+ 1/2-1/2


[Site "https://www.chess.com"]

[Event "Titled Tuesday Blitz November 29 Late 2022"]
[White "Floresvillar Gonzalez, Luis Migu"]
[Black "Stanisz, Patryk"]
[WhiteFideId "5100542"]
[BlackFideId "1123106"]
[WhiteElo "2040"]
[BlackElo "2069"]
[Result "1-0"]
[Round "09"]
[TimeControl "180+1"]
[Date "2022.11.30"]
[WhiteClock "0:00:02"]
[BlackClock "0:00:01"]

1. e4 c5 2. d4 cxd4 3. c3 Nf6 4. e5 Nd5 5. Nf3 Nc6 6. Bc4 Nb6 7. Bb3 d5 8. exd6 Qxd6 9. cxd4 Be6 10. O-O Bxb3 11. Qxb3 e6 12. Rd1 Be7 13. Nc3 O-O 14. Be3 Rab8 15. d5 Nxd5 16. Nxd5 exd5 17. Rxd5 Qe6 18. Rad1 b6 19. h3 h6 20. Qb5 Rbd8 21. a3 Rxd5 22. Rxd5 Rd8 23. Rxd8+ Bxd8 24. Nd4 Nxd4 25. Bxd4 Qe1+ 26. Qf1 Qe4 27. Bc3 Bc7 28. g3 Qf5 29. Kh2 h5 30. h4 Qe4 31. Qh3 Kh7 32. Kg1 Qd5 33. Qg2 Qd1+ 34. Kh2 Qd8 35. Qe4+ g6 36. Qf3 Qxh4+ 37. Kg2 Qe7 38. Bf6 Qe6 39. Bc3 Bd8 40. Bd4 Be7 41. Bc3 Bc5 42. b4 Be7 43. Bd4 h4 44. gxh4 Qf5 45. Qxf5 gxf5 46. Kg3 Kg6 47. Be3 Bd6+ 48. f4 Be7 49. Bc1 Kh5 50. Kf3 Bxh4 51. b5 Bf6 52. a4 Bd4 53. Ba3 Kg6 54. Bd6 Kf6 55. Bb8 Ke6 56. Bxa7 Bc3 57. Bxb6 Kd5 58. a5 Kc4 59. a6 Kxb5 60. a7 Be5 61. a8=Q 1-0


[Site "https://www.chess.com"]